 Dungeon Crawl Stone Soup version 0.21-a0-142-gdd972a7 (webtiles) character file.

3842 sagitran the Ruffian (level 9, -3/69 HPs)
             Began as a Demonspawn Abyssal Knight on July 23, 2017.
             Was an Elder of Lugonu.
             Shot with a sling bullet by Joseph (20 damage)
             ... on level 8 of the Dungeon on July 24, 2017.
             The game lasted 00:52:35 (10877 turns).

sagitran the Ruffian (Demonspawn Abyssal Knight)   Turns: 10877, Time: 00:52:36

Health: -3/69      AC:  3    Str: 15      XL:     9   Next: 98%
Magic:  20/20      EV:  9    Int: 14      God:    Lugonu [****..]
Gold:   353        SH: 13    Dex:  9 (13) Spells: 8/8 levels left

rFire    + . .     SeeInvis +   e - +0 blowgun
rCold    + . .     Gourm    .   n - +0 large shield
rNeg     + . .     Faith    .   j - +0 leather armour {rN+}
rPois    +         Spirit   .   (helmet unavailable)
rElec    .         Reflect  .   h - scarf {rC+ rF+}
rCorr    .         Harm     .   (no gloves)
MR       .....                  (no boots)
Stlth    +++.......             (no amulet)
HPRegen  0.21/turn              f - ring of magical power
MPRegen  0.17/turn              w - ring of poison resistance

@: no status effects
A: antennae 3, claws 2, hooves 1, camouflage 1, demonic guardian 1
a: Depart the Abyss, Bend Space, Banish, Corrupt, Renounce Religion


You were on level 8 of the Dungeon.
You worshipped Lugonu.
Lugonu was greatly pleased with you.
You were not hungry.

You visited 1 branch of the dungeon, and saw 9 of its levels.
You visited the Abyss 1 time.

You collected 413 gold pieces.
You spent 60 gold pieces at shops.

Inventory:

Hand Weapons
 a - a +1 hand axe
 e - a +0 blowgun (weapon)
 i - a +2 dagger of draining
 o - a +2 hunting sling of freezing
 y - a +5 club
Missiles
 s - 81 stones
 v - a curare-tipped needle
 F - 34 poisoned needles (quivered)
Armour
 h - a scarf of resistance (worn)
 j - a +0 leather armour of positive energy (worn)
 n - a +0 large shield (worn)
 q - a +0 helmet
Jewellery
 f - a ring of magical power (left claw)
 w - a ring of poison resistance (right claw)
 H - an uncursed ring of protection from cold
Wands
 d - a wand of lightning (0/15)
 x - a wand of polymorph (0/24)
 z - a wand of lightning (0/15)
Scrolls
 b - a scroll of blinking {unknown}
 g - 2 scrolls of remove curse
 l - 2 scrolls of magic mapping
 m - a scroll of amnesia
 p - a scroll of enchant weapon {unknown}
 r - 2 scrolls of teleportation
 D - a scroll of recharging {unknown}
 E - a scroll of noise
 G - a scroll of summoning {unknown}
Potions
 c - a potion of flight {unknown}
 t - a potion of cancellation {unknown}
 A - a potion of brilliance {unknown}
 I - a potion of haste
 M - a potion of berserk rage
Comestibles
 k - 6 royal jellies
 C - 7 fruits
 L - a meat ration


   Skills:
 + Level 5.8 Fighting
 + Level 2.4 Axes
 + Level 1.7(2.5) Slings
 + Level 2.7(3.1) Throwing
 + Level 4.6 Armour
 + Level 4.8 Dodging
 + Level 3.2 Stealth
 + Level 5.4 Shields
 + Level 6.7 Unarmed Combat
 + Level 3.1 Invocations
 + Level 0.2 Evocations


You had 8 spell levels left.
You didn't know any spells.

Dungeon Overview and Level Annotations

Branches:
Dungeon (9/15)             Temple (0/1) D:4
   Lair: D:8-11         Orc: D:9-12

Altars:
Cheibriados
Hepliaklqana
Okawaru
Trog
Yredelemnul

Shops:
D:7 !

Annotations:
D:5 Sigmund
D:8 Joseph


Innate Abilities, Weirdness & Mutations

You have a pair of large antennae on your head. (SInv)
You have very sharp fingernails.
You have large cloven feet.
A weak demonic guardian rushes to your aid.
Your skin changes colour to match your surroundings (Stealth+).


Message History

Okay, then.
Okay, then.
Press: ? - help, Shift-Dir - straight line, f/p - Joseph
Aim: Joseph, wielding a hunting sling and wearing a leather armour (heavily wounded, poisoned, chance to defeat MR: 67%)
You fail to use your ability.
Press: ? - help, Shift-Dir - straight line, f/p - Joseph
Aim: Joseph, wielding a hunting sling and wearing a leather armour (heavily wounded, poisoned, chance to defeat MR: 67%)
You fail to use your ability.
Joseph shoots a sling bullet.
You block the sling bullet.
Press: ? - help, Shift-Dir - straight line, f/p - Joseph
Aim: Joseph, wielding a hunting sling and wearing a leather armour (heavily wounded, poisoned, chance to defeat MR: 67%)
You fail to use your ability.
Your iron imp hits the ogre.
The ogre barely misses your iron imp.
Joseph says, "It's nothing personal, but I have to kill you."
Press: ? - help, Shift-Dir - straight line, f/p - Joseph
Aim: Joseph, wielding a hunting sling and wearing a leather armour (heavily wounded, poisoned, chance to defeat MR: 67%)
You fail to use your ability.
Your iron imp hits the ogre but does no damage.
Joseph shoots a sling bullet.
The sling bullet hits you!!
You die...

### ############.# #.@..(.@...((#
#.##########(# * #5# #.# * #O#
******#(# *** #### #.# *,,,,*#.#
*,, ...# #########.# *,,,,*#(#
*,* ...####......##)####....##.#
*,*
...'..'...................@####,*
...####......##..###.....((....,*


You could see Joseph, an ogre and a friendly iron imp.

Vanquished Creatures
  Pikel (D:4)
  A fire bat (D:7)
  A hungry ghost (D:8)
  An orc warrior (D:8)
  A sky beast (D:6)
  2 phantoms
  A necrophage (D:6)
  5 centaurs
  3 ogres (D:8)
  2 crocodiles
  A big kobold (D:7)
  Blork the orc (D:5)
  4 bullfrogs
  2 scorpions (D:6)
  2 killer bees
  3 crimson imps
  5 hounds
  A quasit (D:8)
  4 orc priests
  5 bullfrog skeletons
  2 centaur skeletons
  3 orc wizards
  2 iguanas
  4 worker ants
  Robin (D:2)
  11 adders
  A shadow imp (D:8)
  2 oozes (D:1)
  An adder zombie (D:6)
  3 dart slugs
  3 leopard geckos
  16 orcs
  5 giant cockroaches
  19 goblins
  7 hobgoblins
  4 quokkas
  5 ball pythons
  7 bats
  7 frilled lizards
  A jackal zombie (D:6)
  13 kobolds
  A leopard gecko skeleton (D:4)
  A leopard gecko zombie (D:7)
  11 rats
176 creatures vanquished.

Vanquished Creatures (collateral kills)
  A hornet (D:8)
  A steam dragon (D:3)
  An ice beast (D:6)
  2 bullfrogs
  A killer bee (D:4)
  A bullfrog zombie (D:8)
  A gnoll (D:5)
  A dart slug (D:3)
  A leopard gecko (D:6)
  An orc (D:5)
  A kobold (D:3)
12 creatures vanquished.

Vanquished Creatures (others)
  A hornet (D:7)
  A leopard gecko (D:4)
  An orc (D:4)
  A frilled lizard (D:4)
4 creatures vanquished.

Grand Total: 192 creatures vanquished

Notes
Turn   | Place    | Note
-------+----------+-------------------------------------------
     0 | Abyss:1  | sagitran the Demonspawn Abyssal Knight began the quest for the Orb.
     0 | Abyss:1  | Reached XP level 1. HP: 18/18 MP: 2/2
     1 | D:1      | Escaped the Abyss
   170 | D:1      | Gained mutation: You have sharp fingernails. [demonic ancestry]
   170 | D:1      | Reached XP level 2. HP: 8/24 MP: 3/3
   547 | D:1      | Reached * piety under Lugonu
   547 | D:1      | Reached skill level 1 in Dodging
   650 | D:1      | Gained mutation: A weak demonic guardian rushes to your aid. [demonic ancestry]
   650 | D:1      | Reached XP level 3. HP: 23/30 MP: 4/4
   832 | D:1      | You fall through a shaft!
   846 | D:3      | Noticed a bullfrog
  1429 | D:2      | Found an iron altar of Okawaru.
  1579 | D:2      | Gained mutation: You have large cloven feet. [demonic ancestry]
  1579 | D:2      | Reached XP level 4. HP: 30/37 MP: 5/5
  2377 | D:3      | Reached ** piety under Lugonu
  2378 | D:3      | Noticed Robin
  2606 | D:2      | Killed Robin
  2734 | D:2      | Gained mutation: You have a pair of small antennae on your head. [demonic ancestry]
  2734 | D:2      | Reached XP level 5. HP: 27/42 MP: 6/6
  2776 | D:3      | Reached skill level 1 in Shields
  2776 | D:3      | Reached skill level 1 in Unarmed Combat
  3612 | D:4      | Noticed a slave
  3612 | D:4      | Noticed a slave
  3612 | D:4      | Noticed a slave
  3613 | D:4      | Noticed Pikel
  3613 | D:4      | Noticed a slave
  3676 | D:4      | Reached XP level 6. HP: 48/48 MP: 7/7
  3856 | D:4      | Reached skill level 2 in Unarmed Combat
  3898 | D:4      | Killed Pikel
  3898 | D:4      | Reached skill level 1 in Slings
  3898 | D:4      | Reached skill level 1 in Stealth
  3898 | D:4      | Reached skill level 3 in Unarmed Combat
  3898 | D:4      | Reached XP level 7. HP: 26/55 MP: 8/8
  4103 | D:4      | Noticed Ijyb
  4115 | D:4      | HP: 2/55 [Ijyb/wand of lightning (?/15) (11)]
  4435 | D:3      | Noticed Ijyb
  4435 | D:3      | Ijyb changed into Ijyb the steam dragon
  4453 | D:3      | Gained mutation: You have supernaturally acute eyesight. (SInv) [potion of mutation]
  4453 | D:3      | Gained mutation: Your system is resistant to poisons. (rPois) [potion of mutation]
  4453 | D:3      | HP: 2/55 [Ijyb the steam dragon (6)]
  4454 | D:3      | Killed Ijyb the steam dragon
  4971 | D:4      | Found a bloodstained altar of Trog.
  5078 | D:4      | Reached skill level 1 in Throwing
  5082 | D:4      | Found a staircase to the Ecumenical Temple.
  5355 | D:5      | Entered Level 5 of the Dungeon
  5390 | D:5      | Reached *** piety under Lugonu
  5588 | D:5      | Noticed Blork the orc
  5597 | D:5      | Killed Blork the orc
  5597 | D:5      | Reached skill level 5 in Fighting
  5723 | D:5      | Gained mutation: You have a pair of antennae on your head. [demonic ancestry]
  5723 | D:5      | Reached XP level 8. HP: 62/62 MP: 9/9
  5855 | D:5      | Found a snail-covered altar of Cheibriados.
  5927 | D:5      | Noticed Sigmund
  6057 | D:4      | Reached skill level 4 in Unarmed Combat
  6660 | D:6      | Gained mutation: You occasionally shout uncontrollably at your foes. [mutagenic meat]
  6661 | D:6      | Lost mutation: You have supernaturally acute eyesight. (SInv) [mutagenic meat]
  6662 | D:6      | Gained mutation: Your mind is acute. (Int +2) [mutagenic meat]
  6663 | D:6      | Lost mutation: Your mind is acute. (Int +2) [potion of mutation]
  6663 | D:6      | Lost mutation: Your system is resistant to poisons. (rPois) [potion of mutation]
  6663 | D:6      | Lost mutation: You occasionally shout uncontrollably at your foes. [potion of mutation]
  6663 | D:6      | Gained mutation: Your spells are a little harder to cast, but a little more powerful. [potion of mutation]
  6663 | D:6      | Gained mutation: Your body sometimes deteriorates upon taking damage. [potion of mutation]
  6663 | D:6      | Gained mutation: You can translocate small distances at will. [potion of mutation]
  7008 | D:6      | HP: 3/62 [phantom (5)]
  7729 | D:6      | Reached skill level 5 in Unarmed Combat
  8254 | D:7      | Lost mutation: Your body sometimes deteriorates upon taking damage. [potion of mutation]
  8254 | D:7      | Lost mutation: Your spells are a little harder to cast, but a little more powerful. [potion of mutation]
  8254 | D:7      | Lost mutation: You can translocate small distances at will. [potion of mutation]
  8254 | D:7      | Gained mutation: You are dopey. (Int -2) [potion of mutation]
  8254 | D:7      | Gained mutation: Your skin changes colour to match your surroundings (Stealth+). [potion of mutation]
  8254 | D:7      | Gained mutation: You have a pair of large antennae on your head. (SInv) [potion of mutation]
  8254 | D:7      | Lost mutation: You are dopey. (Int -2) [potion of mutation]
  8265 | D:7      | Noticed a hornet
  8274 | D:7      | Banished a hornet
  8274 | D:7      | Gained mutation: You have very sharp fingernails. [demonic ancestry]
  8274 | D:7      | Reached XP level 9. HP: 68/68 MP: 10/10
  8438 | D:8      | Noticed Joseph
  8537 | D:7      | Found a hazy altar of Hepliaklqana.
  8569 | D:7      | Found Uruyriwkoi's Distillery.
  8642 | D:7      | Bought a potion of heal wounds for 60 gold pieces
  9300 | D:7      | Reached skill level 6 in Unarmed Combat
  9601 | D:8      | Reached skill level 5 in Shields
  9682 | D:8      | Reached **** piety under Lugonu
  9793 | D:8      | Found a basalt altar of Yredelemnul.
 10877 | D:8      | Shot with a sling bullet by Joseph

Vault maps used:
D:1:      erik_arrival_gehennom, grunt_decor_cap
D:2:      lemuel_crystal_altar, st_stairs_6
D:3:      uniq_robin
D:4:      temple_hall, trog_butcher_becter, uniq_ijyb, uniq_pikel
D:5:      cheibrodos_worm_habitat, first_bread, uniq_sigmund, uniq_blork_the_orc
D:7:      old_standard_altar, serial_shops, nicolae_shop_crystal
D:8:      kennysheep_ying_yang, uniq_joseph
D:9:      grunt_temple_overflow_magic_moments, nicolae_overflow_crystal_walls,
          kennysheep_mini, grunt_temple_overflow_open, erik_lair_dragon,
          orc_0_dummy, serial_shops, shop
Abyss:1:  minivault_22

Skill      XL: |  1  2  3  4  5  6  7  8  9 |
---------------+----------------------------+-----
Dodging        | 1 2 3 4 |  4.8
Armour         | 2 3 4 |  4.6
Axes           | 2 |  2.4
Fighting       | 4 5 |  5.8
Shields        | 1 2 4 5 |  5.4
Unarmed Combat | 1 3 5 6 |  6.7
Slings         | 1 |  1.7
Stealth        | 1 3 |  3.2
Throwing       | 1 2 |  2.7
Invocations    | 3 |  3.1
Evocations     | |  0.2

Action                   |  1- 3 |  4- 6 |  7- 9 || total
-------------------------+-------+-------+-------++-------
Melee: Hand axe          |    58 |     2 |       ||    60
       Dagger            |    50 |       |       ||    50
       Unarmed           |       |   178 |   470 ||   648
       Kick              |       |    45 |   113 ||   158
 Fire: Hunting sling     |       |    12 |     6 ||    18
       Blowgun           |       |       |    17 ||    17
Throw: Tomahawk          |       |     8 |    26 ||    34
       Stone             |       |       |     5 ||     5
       Throwing net      |       |       |     2 ||     2
Invok: Depart the Abyss  |     1 |       |       ||     1
       Banish            |       |       |     1 ||     1
Evoke: Wand              |       |       |     6 ||     6
  Use: Scroll            |       |     3 |     9 ||    12
       Potion            |       |     2 |    17 ||    19
 Stab: Sleeping          |     1 |       |     6 ||     7
       Distracted        |       |       |     2 ||     2
  Eat: Bread ration      |     1 |     2 |     3 ||     6
       Fruit             |       |     1 |     3 ||     4
       Chunk             |       |       |     3 ||     3
       Royal jelly       |       |       |     2 ||     2
       Meat ration       |       |       |     1 ||     1
Armor: Leather armour    |    36 |    68 |    58 ||   162
Dodge: Dodged            |    56 |    61 |   125 ||   242
Block: Large shield      |    10 |   145 |   317 ||   472
